 Dungeon Crawl Stone Soup version 0.30.0-29-ga12c61a403 (webtiles) character file.

Game seed: 10580243630706077655

271 qw the Shield-Bearer (level 6, -3/37 HPs)
             Began as a Gargoyle Fighter on June 5, 2023.
             Slain by a gnoll
             ... wielding a +0 spear
              (6 damage)
             ... on level 3 of the Dungeon.
             The game lasted 00:01:53 (2606 turns).

qw the Shield-Bearer (Gargoyle Fighter)             Turns: 2606, Time: 00:01:53

Health: -3/37      AC: 11    Str: 22    XL:     6   Next: 23%
Magic:  6/6        EV:  8    Int:  8    God:
Gold:   164        SH:  8    Dex:  9    Spells: 5/5 levels left

rFire   . . .        l - +0 war axe (spect)
rCold   . . .        i - +0 kite shield
rNeg    + . .        b - +0 scale mail
rPois   inf          (no helmet)
rElec   +            (no cloak)
rCorr   .            (no gloves)
SInv    .            (no boots)
Will    .....        (no amulet) Stlth
                     (no ring)
HPRegen 0.26/turn    (no ring)
MPRegen 0.10/turn

%: no passive effects
@: no status effects
A: sickness immunity, AC +4, negative energy resistance 1, electricity
resistance, torment resistance 1, petrification resistance
a: no special abilities


You were on level 3 of the Dungeon.
You visited 1 branch of the dungeon, and saw 3 of its levels.

You collected 164 gold pieces.


Innate Abilities, Weirdness & Mutations

You are immune to sickness and miasma.
Your stone body is resilient. (AC +4)
You are immune to poison.
You resist negative energy. (rN+)
You are resistant to electric shocks. (rElec)
You are resistant to unholy torment.
You are immune to petrification.


   Skills:
 - Level 3.2 Fighting
 + Level 4.8 Axes
 - Level 3.2 Armour
 - Level 5.0 Shields


You had 5 spell levels left.
You didn't know any spells.
Your spell library was empty.

Inventory:

Hand Weapons
 f - the +9 whip of Jizoov {antimagic, rC+ Dex+3}
   (You found it on level 3 of the Dungeon)

   Dex:       It affects your dexterity (+3).
   rC:        It protects you from cold.
 l - a +0 spectral war axe (weapon)
Armour
 b - a +0 scale mail (worn)
 i - a +0 kite shield (worn)
Scrolls
 h - a scroll of identify
Potions
 d - a potion of might
 j - 2 potions of curing
 k - a potion of magic

Dungeon Overview and Level Annotations

Branches:
Dungeon (3/15)

Altars:
Ashenzari


Message History

You completely miss the orc. The orc hits you with a +0 dagger.
You block the orc's attack.
You hit the orc but do no damage. You block the orc's attack.
You hit the orc but do no damage. The orc hits you but does no damage.
You block the orc's attack.
You barely miss the orc. You block the orc's attack.
You barely miss the orc.
An orc comes into view. It is wielding a +0 dagger.
You block the orc's attack.
You slash the orc!
You kill the orc!
The gnoll hits you but does no damage.
The gnoll hits you from afar with a +0 spear.
You barely miss the gnoll. The gnoll closely misses you.
The gnoll hits you but does no damage.
You slash the gnoll!
The gnoll is heavily wounded.
The gnoll hits you with a +0 whip.
The gnoll hits you from afar with a +0 spear.
The orc shouts!
You hit the gnoll but do no damage.
The gnoll is heavily wounded.
You hear a shout!
You block the gnoll's attack. The gnoll hits you but does no damage.
You hear a shout!
You completely miss the gnoll.
The gnoll is heavily wounded.
The gnoll hits you but does no damage.
The gnoll hits you from afar with a +0 spear.
The gnoll hits you with a +0 whip. The gnoll barely misses you.
You hit the gnoll.
The gnoll is severely wounded.
The gnoll hits you with a +0 whip. You block the gnoll's attack.
You barely miss the gnoll.
The gnoll is severely wounded.
You block the gnoll's attack.
The gnoll hits you from afar with a +0 spear.
You die...

....~~~.#.)...........'....'.....
....~~~.#.#...........#....#.....
....~~~.#.#######################
....~~~.#......# ..
....~~~.#.)....# g..
....~~~.#.###'## ...
.P..~~~.#.#....# oo
....~~~.#.#....###g#####
....~~###'#....'@go.....
...P~~#^..############## #######
....~~#g..#h........ .......
....~~#####~~~~~~~~~ ~~~~~~~
....~~~~~~~~~~~~~~~~ ~~~~~~~
....~~~~~~~~~~~~~~~~ ~~~~~~~
....P.............P. .......
................P... .......
#################### #######


You could see 3 gnolls and 3 orcs.

Vanquished Creatures
  Jessica (D:3)
  An orc wizard (D:3)
  9 gnolls (D:3)
  4 adders
  2 worms
  A dart slug (D:3)
  10 orcs (D:3)
  4 endoplasms
  A giant cockroach (D:1)
  6 goblins
  5 hobgoblins
  12 jackals
  3 quokkas
  3 ball pythons
  2 bats (D:2)
  5 frilled lizards
  10 kobolds
  4 rats
83 creatures vanquished.

Notes
Turn   | Place    | Note
-------+----------+-------------------------------------------
     0 | D:1      | qw the Gargoyle Fighter began the quest for the Orb.
     0 | D:1      | Reached XP level 1. HP: 14/14 MP: 1/1
     0 | D:1      | 0 ||| qw: Version: 0.2-a-108-gee2c290
     0 | D:1      | 0 ||| qw: Game counter: 1415
     0 | D:1      | 0 ||| qw: Always use a shield: true
     0 | D:1      | 0 ||| qw: God list: Okawaru
     0 | D:1      | 0 ||| qw: Allow faded altars: false
     0 | D:1      | 0 ||| qw: Do Orc after D:15 true
     0 | D:1      | 0 ||| qw: Do second Lair branch before Depths: true
     0 | D:1      | 0 ||| qw: Lair rune preference: random
     0 | D:1      | 0 ||| qw: Plans: Normal, Zot:1-4, Slime:5, God:TSO, Crypt,
                  | Tomb, Abyss, Pan, Hells, Win
     0 | D:1      | 0 ||| PLANNING D:1-11
    28 | D:1      | 28 ||| Stepping ~*~*~tactically~*~*~ (hiding).
    29 | D:1      | 29 ||| Stepping ~*~*~tactically~*~*~ (hiding).
   107 | D:1      | Reached XP level 2. HP: 15/19 MP: 2/2
   107 | D:1      | 107 ||| FLEEEEING.
   108 | D:1      | 108 ||| FLEEEEING.
   111 | D:1      | 111 ||| FLEEEEING.
   112 | D:1      | 112 ||| FLEEEEING.
   115 | D:1      | 115 ||| FLEEEEING.
   116 | D:1      | 116 ||| FLEEEEING.
   451 | D:1      | 451 ||| DROPPING +0 club.
   561 | D:1      | Reached skill level 3 in Axes
   591 | D:1      | 591 ||| Stepping ~*~*~tactically~*~*~ (hiding).
   592 | D:1      | 592 ||| Stepping ~*~*~tactically~*~*~ (hiding).
   597 | D:1      | 597 ||| Stepping ~*~*~tactically~*~*~ (hiding).
   764 | D:1      | 764 ||| READING scroll labelled GUCKUA UFFEELL.
   765 | D:1      | 765 ||| READING scroll labelled XEISIE HODGHU.
   766 | D:1      | 766 ||| READING scroll labelled YMUASK OCLYONT.
   835 | D:2      | 835 ||| Stepping ~*~*~tactically~*~*~ (stealth).
   836 | D:2      | 836 ||| Stepping ~*~*~tactically~*~*~ (stealth).
   847 | D:2      | Reached XP level 3. HP: 17/23 MP: 3/3
   965 | D:2      | You fall into a shaft and drop 1 floor!
   984 | D:3      | Noticed Jessica
   994 | D:3      | Killed Jessica
  1008 | D:3      | Identified the +9 whip of Jizoov {antimagic, rC+ Dex+3}
  1010 | D:3      | 1010 ||| DROPPING +0 whip.
  1088 | D:3      | Reached XP level 4. HP: 28/28 MP: 4/4
  1108 | D:3      | 1108 ||| Stepping ~*~*~tactically~*~*~ (stealth).
  1123 | D:3      | 1123 ||| DROPPING ring of flight.
  1124 | D:3      | 1124 ||| READING scroll labelled YGAOTIY NAONEI.
  1178 | D:2      | Identified the +0 hand axe of Dried Tears {speed, rN+}
  1180 | D:2      | 1180 ||| DROPPING +0 hand axe of Dried Tears {speed, rN+}.
  1583 | D:2      | Found a broken altar of Ashenzari.
  1641 | D:2      | 1641 ||| UPGRADING to +0 kite shield.
  1651 | D:2      | 1651 ||| DROPPING +0 buckler.
  1652 | D:2      | 1652 ||| READING scroll labelled WUMIVI HUREN.
  1653 | D:2      | 1653 ||| READING scroll labelled CAG COTSEMMOTS.
  1654 | D:2      | 1654 ||| READING 4 scrolls of identify.
  1654 | D:2      | 1654 ||| IDENTIFYING white potion
  1655 | D:2      | 1655 ||| READING 3 scrolls of identify.
  1655 | D:2      | 1655 ||| IDENTIFYING silvery potion
  1656 | D:2      | 1656 ||| READING 2 scrolls of identify.
  1656 | D:2      | 1656 ||| IDENTIFYING sedimented puce potion
  1657 | D:2      | 1657 ||| DROPPING potion of brilliance.
  1658 | D:2      | 1658 ||| DROPPING potion of flight.
  1828 | D:3      | 1828 ||| Stepping ~*~*~tactically~*~*~ (hiding).
  1829 | D:3      | 1829 ||| Stepping ~*~*~tactically~*~*~ (hiding).
  1830 | D:3      | 1830 ||| Stepping ~*~*~tactically~*~*~ (hiding).
  1922 | D:3      | 1922 ||| Stepping ~*~*~tactically~*~*~ (stealth).
  1923 | D:3      | 1923 ||| Stepping ~*~*~tactically~*~*~ (stealth).
  1925 | D:3      | 1925 ||| Stepping ~*~*~tactically~*~*~ (stealth).
  1931 | D:3      | Reached XP level 5. HP: 32/32 MP: 5/5
  1951 | D:3      | Reached skill level 4 in Shields
  2110 | D:3      | 2110 ||| READING scroll labelled TUIGUSTROSCH.
  2426 | D:3      | 2426 ||| READING 2 scrolls of identify.
  2426 | D:3      | 2426 ||| IDENTIFYING puce potion
  2489 | D:3      | Reached skill level 5 in Shields
  2502 | D:3      | Reached XP level 6. HP: 32/37 MP: 6/6
  2548 | D:3      | 2548 ||| Stepping ~*~*~tactically~*~*~ (stealth).
  2557 | D:3      | 2557 ||| Stepping ~*~*~tactically~*~*~ (stealth).
  2559 | D:3      | 2559 ||| Stepping ~*~*~tactically~*~*~ (stealth).
  2575 | D:3      | 2575 ||| Stepping ~*~*~tactically~*~*~ (hiding).
  2604 | D:3      | HP: 9/37 [gnoll/+0 spear (3)]
  2605 | D:3      | HP: 2/37 [gnoll/+0 whip (6)]
  2606 | D:3      | Slain by a gnoll

Levels and vault maps discovered:
D:1:      dpeg_arrival_short_road, layout_basic, minmay_misc_feat_pillars
D:2:      layout_basic, basic_altar
D:3:      lemuel_castle_with_subvaults [lemuel_castle_interior_carwin_1],
          layout_basic, lexackson_kobold_supper, uniq_jessica

Skill      XL: |  1  2  3  4  5 |
---------------+----------------+-----
Axes           | 2 3 4 |  4.8
Shields        | 5 |  5.0
Fighting       | |  3.2
Armour         | |  3.2

Action                     |  1- 3 |  4- 6 || total
---------------------------+-------+-------++-------
  Melee: War axe           |   100 |   180 ||   280
    Use: Scroll            |     3 |     8 ||    11
 Armour: Scale mail        |    60 |    78 ||   138
  Dodge: Dodged            |    32 |    66 ||    98
  Block: Buckler           |    15 |    12 ||    27
         Kite shield       |       |    35 ||    35

Table legend:
 A = Non-vault XP
 B = Vault XP
 C = Vault XP percentage of total XP
 D = Non-vault monster count
 E = Vault monster count
 F = Vault count percentage of total count
                 A         B        C        D         E       F
            +---------+---------+-------+---------+---------+-------
      Total |     179 |     209 |  53.9 |      52 |      31 |  37.3
            +---------+---------+-------+---------+---------+-------
        D:1 |      32 |       0 |   0.0 |      19 |       0 |   0.0
        D:2 |      53 |       0 |   0.0 |      17 |       0 |   0.0
        D:3 |      94 |     209 |  69.0 |      16 |      31 |  66.0
            +---------+---------+-------+---------+---------+-------
